3AA
DURHAM RAPIERS @ FT. POLK SOUTH THUNDER HAWKS
07/11/2034
 
TOP OF THE 1ST
Durham Rapiers batting - Pitching for Ft. Polk South Thunder Hawks : LHP Brandon Franklin
Pitching: LHP Brandon Franklin
Batting: RHB Lu-fang Koo 0-0: Called Strike
0-1: Foul Ball, location: 2F
0-2: Strikes out swinging
Batting: RHB Tso-i Wang 0-0: Ball
1-0: Called Strike
1-1: Ball
2-1: Called Strike
2-2: Ball
3-2: Strikes out swinging
Batting: RHB Juan Guzmán 0-0: Ball
1-0: Foul Ball, location: 2F
1-1: Ball
2-1: Fly out, F9 (Flyball, 9S)
Top of the 1st over - 0 runs, 0 hits, 0 errors, 0 left on base; Durham 0 - Ft. Polk South 0
BOTTOM OF THE 1ST
Ft. Polk South Thunder Hawks batting - Pitching for Durham Rapiers : RHP Ángel Roldán
Pitching: RHP Ángel Roldán
Batting: LHB Augusto Reyes 0-0: Ball
1-0: SINGLE (Line Drive, 7LS)
Batting: LHB Yu Miao 0-0: Called Strike
0-1: Grounds into double play, 4-6-3 (Groundball, 4)
Batting: RHB Kyuso Kouno 0-0: Ball
1-0: Ground out 1-3 (Groundball, 15)
Bottom of the 1st over - 0 runs, 1 hit, 0 errors, 0 left on base; Durham 0 - Ft. Polk South 0
TOP OF THE 2ND
Durham Rapiers batting - Pitching for Ft. Polk South Thunder Hawks : LHP Brandon Franklin
Batting: RHB Harlan Thompson 0-0: Called Strike
0-1: Foul Ball, location: 2F
0-2: Ball
1-2: Ground out 5-3 (Groundball, 56S)
Batting: RHB Huai-yi Yang 0-0: Foul Ball, location: 2F
0-1: Ball
1-1: Ball
2-1: Ball
3-1: Fly out, F7 (Flyball, 78S)
Batting: RHB Scotty Glenn 0-0: Ball
1-0: DOUBLE (Flyball, 8LD)
Batting: LHB Steve Costillo 0-0: Ground out 3-1 (Groundball, 34)
Top of the 2nd over - 0 runs, 1 hit, 0 errors, 1 left on base; Durham 0 - Ft. Polk South 0
BOTTOM OF THE 2ND
Ft. Polk South Thunder Hawks batting - Pitching for Durham Rapiers : RHP Ángel Roldán
Batting: LHB Shohei Otani 0-0: Ball
1-0: Ground out 4-3 (Groundball, 34D)
Batting: LHB Marc Ben 0-0: Foul Ball, location: 2F
0-1: Ball
1-1: Ball
2-1: Foul Ball, location: 2F
2-2: Foul Ball, location: 2F
2-2: Ball
3-2: Base on Balls
Batting: RHB Thomas Feliciano 0-0: Ball
1-0: Foul Ball, location: 2F
1-1: Called Strike
1-2: Ball
2-2: Ball
3-2: Base on Balls
Marc Ben to second
Batting: SHB Dong-joo Yu 0-0: Ball
1-0: Called Strike
1-1: Ball
2-1: Ground out U3 (Groundball, 34S)
Marc Ben to third
Thomas Feliciano to second
Batting: RHB Pedro Larate 0-0: Ball
1-0: Ball
2-0: Ball
3-0: Called Strike
3-1: Called Strike
3-2: Foul Ball, location: 2F
3-2: Base on Balls
Batting: RHB Ruggiero Veneziano 0-0: Fly out, F7 (Line Drive, 7D)
Bottom of the 2nd over - 0 runs, 0 hits, 0 errors, 3 left on base; Durham 0 - Ft. Polk South 0
TOP OF THE 3RD
Durham Rapiers batting - Pitching for Ft. Polk South Thunder Hawks : LHP Brandon Franklin
Batting: SHB Rafael González 0-0: SINGLE (Groundball, 6MD)
Batting: RHB Yoshi Kouda 0-0: Called Strike
0-1: Ball
1-1: Grounds into double play, 6-4-3 (Groundball, 6)
Batting: RHB Lu-fang Koo 0-0: Called Strike
0-1: Bunt for hit - play at first, batter safe!
Batting: RHB Tso-i Wang Pickoff Throw to First - Error! E1
Lu-fang Koo to second
0-0: Ball
1-0: Fly out, F8 (Flyball, 8RS)
Top of the 3rd over - 0 runs, 2 hits, 1 error, 1 left on base; Durham 0 - Ft. Polk South 0
BOTTOM OF THE 3RD
Ft. Polk South Thunder Hawks batting - Pitching for Durham Rapiers : RHP Ángel Roldán
Batting: LHB Augusto Reyes 0-0: Called Strike
0-1: Ball
1-1: Ball
2-1: Ball
3-1: SINGLE (Line Drive, 8LS)
Batting: LHB Yu Miao 0-0: Called Strike
0-1: Ball
1-1: Swinging Strike
1-2: Strikes out swinging
Batting: RHB Kyuso Kouno 0-0: Ball
1-0: SINGLE (Popup, 4MD)
Augusto Reyes to second
Batting: LHB Shohei Otani 0-0: Called Strike
0-1: Ball
1-1: Swinging Strike
1-2: Foul Ball, location: 2F
1-2: Ball
2-2: Ball
3-2: Foul Ball, location: 2F
3-2: Strikes out swinging
Batting: LHB Marc Ben 0-0: Fly out, F8 (Flyball, 89M)
Bottom of the 3rd over - 0 runs, 2 hits, 0 errors, 2 left on base; Durham 0 - Ft. Polk South 0
TOP OF THE 4TH
Durham Rapiers batting - Pitching for Ft. Polk South Thunder Hawks : LHP Brandon Franklin
Batting: RHB Juan Guzmán 0-0: Ball
1-0: Foul Ball, location: 2F
1-1: Foul Ball, location: 2F
1-2: Fly out, F3 (Line Drive, 3)
Batting: RHB Harlan Thompson 0-0: Called Strike
0-1: Called Strike
0-2: Ground out 5-3 (Groundball, 5)
Batting: RHB Huai-yi Yang 0-0: Called Strike
0-1: Ball
1-1: SINGLE (Groundball, 56D)
Batting: RHB Scotty Glenn 0-0: Called Strike
0-1: Foul Ball, location: 2F
0-2: Ball
1-2: Strikes out swinging
Top of the 4th over - 0 runs, 1 hit, 0 errors, 1 left on base; Durham 0 - Ft. Polk South 0
BOTTOM OF THE 4TH
Ft. Polk South Thunder Hawks batting - Pitching for Durham Rapiers : RHP Ángel Roldán
Batting: RHB Thomas Feliciano 0-0: Ball
1-0: Ball
2-0: Foul Ball, location: 2F
2-1: Ball
3-1: Foul Ball, location: 2F
3-2: Base on Balls
Batting: SHB Dong-joo Yu Pickoff Throw to First - Error! E1
Thomas Feliciano to second
0-0: Foul Ball, location: 2F
0-1: Ball
1-1: Ball
2-1: Fly out, F7 (Flyball, 78M)
Batting: RHB Pedro Larate 0-0: Ground out 1-3 (Groundball, 13)
Thomas Feliciano to third
Batting: RHB Ruggiero Veneziano 0-0: Ball
1-0: Fly out, F9 (Flyball, 9S)
Bottom of the 4th over - 0 runs, 0 hits, 1 error, 1 left on base; Durham 0 - Ft. Polk South 0
TOP OF THE 5TH
Durham Rapiers batting - Pitching for Ft. Polk South Thunder Hawks : LHP Brandon Franklin
Batting: LHB Steve Costillo 0-0: Foul Ball, location: 2F
0-1: Called Strike
0-2: Foul Ball, location: 2F
0-2: Strikes out swinging
Batting: SHB Rafael González 0-0: Ground out 5-3 (Groundball, 56S)
Batting: RHB Yoshi Kouda 0-0: Ball
1-0: Foul Ball, location: 2F
1-1: Ball
2-1: Ball
3-1: Fly out, F5 (Line Drive, 5L)
Top of the 5th over - 0 runs, 0 hits, 0 errors, 0 left on base; Durham 0 - Ft. Polk South 0
BOTTOM OF THE 5TH
Ft. Polk South Thunder Hawks batting - Pitching for Durham Rapiers : RHP Ángel Roldán
Batting: LHB Augusto Reyes 0-0: Called Strike
0-1: Ball
1-1: Foul Ball, location: 2F
1-2: Ground out 4-3 (Groundball, 4M)
Batting: LHB Yu Miao 0-0: Ball
1-0: SINGLE (Groundball, 4MD)
Batting: RHB Kyuso Kouno 0-0: Ball
1-0: Foul Ball, location: 2F
1-1: Foul Ball, location: 2F
1-2: Ground out 6-3 (Groundball, 6S)
Yu Miao to second
Batting: LHB Shohei Otani 0-0: Fly out, F8 (Flyball, 8RXD)
Bottom of the 5th over - 0 runs, 1 hit, 0 errors, 1 left on base; Durham 0 - Ft. Polk South 0
TOP OF THE 6TH
Durham Rapiers batting - Pitching for Ft. Polk South Thunder Hawks : LHP Brandon Franklin
Batting: RHB Lu-fang Koo 0-0: Ball
1-0: Bunted foul
1-1: Reached on error, E4 (Popup, 34)
Batting: RHB Tso-i Wang 0-0: Bunted foul
0-1: Ball
1-1: Bunted foul
1-2: Ball
2-2: Grounds into double play, 6-4-3 (Groundball, 56)
Batting: RHB Juan Guzmán 0-0: Ball
1-0: Called Strike
1-1: Foul Ball, location: 2F
1-2: Ball
2-2: DOUBLE (Flyball, 89XD)
Batting: RHB Harlan Thompson 0-0: Ball
1-0: Foul Ball, location: 2F
1-1: Called Strike
1-2: Ground out 5-3 (Groundball, 5)
Top of the 6th over - 0 runs, 1 hit, 1 error, 1 left on base; Durham 0 - Ft. Polk South 0
BOTTOM OF THE 6TH
Ft. Polk South Thunder Hawks batting - Pitching for Durham Rapiers : RHP Ángel Roldán
Batting: LHB Marc Ben 0-0: Ball
1-0: Called Strike
1-1: DOUBLE (Flyball, 8LXD)
Batting: RHB Thomas Feliciano 0-0: Ball
1-0: Called Strike
1-1: Ball
2-1: Fly out, F9 (Line Drive, 9LM)
Batting: SHB Dong-joo Yu 0-0: Ball
1-0: Ball
2-0: Ball
3-0: Foul Ball, location: 2F
3-1: Base on Balls
Batting: RHB Pedro Larate 0-0: Foul Ball, location: 2F
0-1: Foul Ball, location: 2F
0-2: Fly out, F9 (Flyball, 9D)
Runner from 2nd tags up, SAFE at 3rd, no throw
Batting: RHB Ruggiero Veneziano 0-0: Ball
1-0: Fly out, F7 (Flyball, 7LD)
Bottom of the 6th over - 0 runs, 1 hit, 0 errors, 2 left on base; Durham 0 - Ft. Polk South 0
TOP OF THE 7TH
Durham Rapiers batting - Pitching for Ft. Polk South Thunder Hawks : LHP Brandon Franklin
Batting: RHB Huai-yi Yang 0-0: Ball
1-0: Fly out, F9 (Flyball, 9D)
Batting: RHB Scotty Glenn 0-0: Foul Ball, location: 2F
0-1: Ball
1-1: SINGLE (Line Drive, 6M)
Pinch Hitting: RHB Mason Congdon 0-0: Called Strike
0-1: Ball
1-1: Called Strike
1-2: Fly out, F3 (Line Drive, 3)
Batting: SHB Rafael González 0-0: SINGLE (Line Drive, 6D)
Scotty Glenn to second
Runner from 2nd tries for 3rd, SAFE, no throw
Pinch Hitting: RHB Salvador Esparza 0-0: Called Strike
0-1: Ball
1-1: Foul Ball, location: 2F
1-2: Ball
2-2: Foul Ball, location: 2F
2-2: Strikes out swinging
Top of the 7th over - 0 runs, 2 hits, 0 errors, 2 left on base; Durham 0 - Ft. Polk South 0
BOTTOM OF THE 7TH
Ft. Polk South Thunder Hawks batting - Pitching for Durham Rapiers : RHP Ángel Roldán
Now at SS: Milos Jaksch
Now in RF: Salvador Esparza
Batting: LHB Augusto Reyes 0-0: Ball
1-0: SINGLE (Flyball, 78M)
Pitching: RHP António Fernández
Batting: LHB Yu Miao 0-0: Ball
1-0: Called Strike
1-1: Ball
2-1: Called Strike
2-2: Ball
3-2: Base on Balls
Augusto Reyes to second
Batting: RHB Kyuso Kouno 0-0: Grounds into double play, U3-6 (Groundball, 3L)
Augusto Reyes to third
Batting: LHB Shohei Otani 0-0: Swinging Strike
0-1: Fly out, F3 (Popup, 3)
Bottom of the 7th over - 0 runs, 1 hit, 0 errors, 1 left on base; Durham 0 - Ft. Polk South 0
TOP OF THE 8TH
Durham Rapiers batting - Pitching for Ft. Polk South Thunder Hawks : LHP Brandon Franklin
Pitching: RHP Gunnar Hoglund
Batting: RHB Lu-fang Koo 0-0: Ball
1-0: Ball
2-0: Called Strike
2-1: Called Strike
2-2: Foul Ball, location: 2F
2-2: Foul Ball, location: 2F
2-2: Ball
3-2: Base on Balls
Batting: RHB Tso-i Wang 0-0: Called Strike
0-1: Ball
1-1: Bunt missed!
1-2: Ball
2-2: SINGLE (Groundball, 56D)
Lu-fang Koo to second
Batting: RHB Juan Guzmán 0-0: SINGLE (Groundball, 34D)
Lu-fang Koo to third
Tso-i Wang to second
Runner from 3rd tries for Home, SAFE, throw made home
Pinch Hitting: LHB Dante Aristizabal 0-0: Foul Ball, location: 2F
0-1: Ball
1-1: SINGLE (Groundball, 4D)
Tso-i Wang to third
Juan Guzmán to second
Runner from 3rd tries for Home, SAFE, no throw
Batting: RHB Huai-yi Yang 0-0: Ball
1-0: Ball
2-0: Ball
3-0: Called Strike
3-1: Fly out, F8 (Flyball, 8RD)
Batting: RHB Scotty Glenn 0-0: Ball
1-0: Ball
2-0: Called Strike
2-1: Ball
3-1: Grounds into double play, 6-4-3 (Groundball, 6)
Top of the 8th over - 2 runs, 3 hits, 0 errors, 1 left on base; Durham 2 - Ft. Polk South 0
BOTTOM OF THE 8TH
Ft. Polk South Thunder Hawks batting - Pitching for Durham Rapiers : RHP António Fernández
Now at 1B: Kei-thing Zhang
Batting: LHB Marc Ben 0-0: Foul Ball, location: 2F
0-1: Swinging Strike
0-2: Ball
1-2: Ball
2-2: Ball
3-2: SINGLE (Line Drive, 9LS)
Batting: RHB Thomas Feliciano 0-0: Fly out, F9 (Flyball, 9LMF)
Batting: SHB Dong-joo Yu 0-0: Ball
1-0: Ball
2-0: TRIPLE (Flyball, 89XD)
Marc Ben scores
Batting: RHB Pedro Larate 0-0: Called Strike
0-1: Ball
1-1: Fly out, F7 (Flyball, 7D)
Runner from 3rd tags up, SCORES, no throw
Batting: RHB Ruggiero Veneziano 0-0: Called Strike
0-1: Foul Ball, location: 2F
0-2: Foul Ball, location: 2F
0-2: Strikes out swinging
Bottom of the 8th over - 2 runs, 2 hits, 0 errors, 0 left on base; Durham 2 - Ft. Polk South 2
TOP OF THE 9TH
Durham Rapiers batting - Pitching for Ft. Polk South Thunder Hawks : RHP Gunnar Hoglund
Batting: RHB Milos Jaksch 0-0: Ball
1-0: Swinging Strike
1-1: Called Strike
1-2: Ball
2-2: Ground out 4-3 (Groundball, 34)
Batting: SHB Rafael González 0-0: Foul Ball, location: 2F
0-1: Fly out, F9 (Flyball, 9D)
Batting: RHB Salvador Esparza 0-0: Ground out 6-3 (Groundball, 6)
Top of the 9th over - 0 runs, 0 hits, 0 errors, 0 left on base; Durham 2 - Ft. Polk South 2
BOTTOM OF THE 9TH
Ft. Polk South Thunder Hawks batting - Pitching for Durham Rapiers : RHP António Fernández
Pitching: RHP Bob Kennedy
Batting: LHB Augusto Reyes 0-0: Foul Ball, location: 2F
0-1: Ball
1-1: Ball
2-1: SINGLE (Flyball, 89M)
Batting: LHB Yu Miao 0-0: Swinging Strike
0-1: Fly out, F4 (Line Drive, 4)
Batting: RHB Kyuso Kouno 0-0: Ball
1-0: Called Strike
1-1: Swinging Strike
1-2: SINGLE (Line Drive, 6MD)
Augusto Reyes to second
Pinch Runner at 2nd Reece Cockin:
Batting: LHB Shohei Otani 0-0: Ball
1-0: Ball
2-0: Foul Ball, location: 2F
2-1: Ball
3-1: Base on Balls
Reece Cockin to third
Kyuso Kouno to second
Batting: LHB Marc Ben 0-0: Ball
1-0: Called Strike
1-1: Ball
2-1: Foul Ball, location: 2F
2-2: Grounds into fielders choice 5-2 (Groundball, 56S)
Kyuso Kouno to third
Shohei Otani to second
Batting: RHB Thomas Feliciano 0-0: Called Strike
0-1: Ball
1-1: Ball
2-1: Foul Ball, location: 2F
2-2: Foul Ball, location: 2F
2-2: Fielders Choice at 2nd, 6-4 (Groundball, 6)
Bottom of the 9th over - 0 runs, 2 hits, 0 errors, 3 left on base; Durham 2 - Ft. Polk South 2
TOP OF THE 10TH
Durham Rapiers batting - Pitching for Ft. Polk South Thunder Hawks : RHP Gunnar Hoglund
Now at 3B: Reece Cockin
Batting: RHB Lu-fang Koo 0-0: Called Strike
0-1: Called Strike
0-2: Ball
1-2: Ground out 6-3 (Groundball, 6)
Batting: RHB Tso-i Wang 0-0: Ball
1-0: Fly out, F9 (Flyball, 89M)
Batting: RHB Juan Guzmán 0-0: Ball
1-0: Called Strike
1-1: Foul Ball, location: 2F
1-2: Strikes out swinging, 2-3 out at first.
Top of the 10th over - 0 runs, 0 hits, 0 errors, 0 left on base; Durham 2 - Ft. Polk South 2
BOTTOM OF THE 10TH
Ft. Polk South Thunder Hawks batting - Pitching for Durham Rapiers : RHP Bob Kennedy
Pitching: RHP Arturo Durán
Batting: SHB Dong-joo Yu 0-0: SINGLE (Groundball, 56D)
Batting: RHB Pedro Larate 0-0: Ball
1-0: Sac Bunt - play at first, batter OUT! 1-4
Dong-joo Yu to second
Batting: RHB Ruggiero Veneziano 0-0: Intentional Walk
Pinch Hitting: LHB Aurelius Estrada 0-0: Ball
1-0: Ball
2-0: Ball
Dong-joo Yu is caught stealing 3rd base
Ruggiero Veneziano to second
3-0: Called Strike
3-1: Ground out U3 (Groundball, 3L)
Bottom of the 10th over - 0 runs, 1 hit, 0 errors, 1 left on base; Durham 2 - Ft. Polk South 2
TOP OF THE 11TH
Durham Rapiers batting - Pitching for Ft. Polk South Thunder Hawks : RHP Gunnar Hoglund
Now at 3B: Qu-bing Thien
Batting: LHB Kei-thing Zhang 0-0: Foul Ball, location: 2F
0-1: Ball
1-1: Ball
2-1: Swinging Strike
2-2: Fly out, F4 (Line Drive, 4)
Batting: RHB Huai-yi Yang 0-0: Ball
1-0: Called Strike
1-1: Swinging Strike
1-2: Strikes out looking
Batting: RHB Scotty Glenn 0-0: Called Strike
0-1: Called Strike
0-2: Foul Ball, location: 2F
0-2: Ball
1-2: Foul Ball, location: 2F
1-2: Ball
2-2: Strikes out looking
Top of the 11th over - 0 runs, 0 hits, 0 errors, 0 left on base; Durham 2 - Ft. Polk South 2
BOTTOM OF THE 11TH
Ft. Polk South Thunder Hawks batting - Pitching for Durham Rapiers : RHP Arturo Durán
Batting: LHB Yu Miao 0-0: Ball
1-0: DOUBLE (Line Drive, 8RXD)
Batting: RHB Kyuso Kouno 0-0: Foul Ball, location: 2F
0-1: Called Strike
0-2: Strikes out swinging
Batting: LHB Shohei Otani 0-0: Ball
1-0: Ball
2-0: Called Strike
2-1: Foul Ball, location: 2F
2-2: Foul Ball, location: 2F
2-2: DOUBLE (Groundball, 3L)
Yu Miao scores
Friday, March 29th, 2019 - OOTP Baseball 18.8 Build 76